 Dungeon Crawl Stone Soup version 0.20.1-1-g8b1a95d (webtiles) character file.

165 mastercheaf21 the Sneak (level 5, 0/30 HPs)
             Began as a Tengu Assassin on Nov 8, 2017.
             Succumbed to a gnoll's poison
             ... on level 3 of the Dungeon.
             The game lasted 00:11:26 (2715 turns).

mastercheaf21 the Sneak (Tengu Assassin)            Turns: 2715, Time: 00:11:27

Health: 0/30       AC:  3    Str: 12    XL:     5   Next: 46%
Magic:  1/6        EV: 14    Int: 11    God:
Gold:   136        SH:  0    Dex: 16    Spells: 4/4 levels left

rFire    . . .     SeeInvis .   a - +2 dagger
rCold    . . .     Gourm    .   (no shield)
rNeg     + . .     Faith    .   c - +0 robe
rPois    .         Spirit   .   (helmet restricted)
rElec    .         Reflect  .   d - +0 cloak
rCorr    .         Harm     .   (no gloves)
MR       .....                  (boots unavailable)
Stlth    +++.......             (no amulet)
Regen    0.1/turn               r - ring of positive energy
MPRegen  0.1/turn               (no ring)

@: lethally poisoned (0 -> -4), very slightly contaminated, slowed, invisible,
very slow
A: beak, talons 3, able to fly 1
a: Fly


You were on level 3 of the Dungeon.
You were not hungry.

You visited 1 branch of the dungeon, and saw 3 of its levels.

You collected 136 gold pieces.

Inventory:

Hand Weapons
 a - a +2 dagger (weapon)
 b - a +0 blowgun
Missiles
 e - 8 poisoned needles
 f - 2 curare-tipped needles
Armour
 c - a +0 robe (worn)
 d - a +0 cloak (worn)
Jewellery
 r - a ring of positive energy (left hand)
Scrolls
 i - a scroll of fear {unknown}
 k - a scroll of enchant armour {unknown}
 q - a scroll of magic mapping {unknown}
 s - a scroll of fog {unknown}
 t - 2 scrolls of amnesia {unknown}
 u - a scroll of teleportation {unknown}
Potions
 j - a potion of might {unknown}
 n - 2 potions of lignification {unknown}
 o - 2 potions of curing {unknown}
 p - a potion of degeneration {unknown}
 w - a potion of cancellation {unknown}
 x - a potion of agility {unknown}
Comestibles
 g - 2 bread rations
 m - a royal jelly
 v - 2 meat rations


   Skills:
 - Level 2.0 Fighting
 - Level 2.3 Short Blades
 - Level 2.0 Throwing
 * Level 3.3 Dodging
 - Level 6.0 Stealth


You had 4 spell levels left.
You didn't know any spells.

Dungeon Overview and Level Annotations

Branches:
Dungeon (3/15)

Altars:
Xom


Innate Abilities, Weirdness & Mutations

You have a beak for a mouth.
You have claws for feet.
You can fly.


Message History

You hit the gnoll. You claw the gnoll, but do no damage.
You peck the gnoll, but do no damage.
The gnoll is severely wounded.
The gnoll hits you with a dagger of chaos.
You feel your power leaking away.
The gnoll hits you with a dagger of chaos!
* * * LOW HITPOINT WARNING * * *
You fade into invisibility!
You are very lightly contaminated with residual magic.
You hit the gnoll. You claw the gnoll.
The gnoll is almost dead.
The gnoll hits you with a dagger of chaos!
* * * LOW HITPOINT WARNING * * *
You are lethally poisoned!
The gnoll misses you.
You hit the gnoll.
You kill the gnoll!
* * * LOW HITPOINT WARNING * * *
You feel sick.
You die...

#.##.# ##≈#≈.##
#)##.# ≈#≈^.≈##
#.##.. #
#.≈.#..## #.####
#≈ #≈.⌠...≈# #.#
#≈.#≈.≈≈.≈#####.#
#...≈≈...≈≈#....#
#≈...#≈≈≈.≈#.####
#≈≈#.≈@..#.#.#
#.#....≈#....#
#.≈⌠.#.#≈..###
#.≈..#...#.#
##..≈#.#⌠≈##
#..#.#.≈≈#.
##_..#..#..#
#..#...#≈##
#..≈#%


There were no monsters in sight!

Vanquished Creatures
  Terence (D:3)
  5 adders (D:2)
  2 gnolls (D:3)
  2 worms (D:2)
  5 dart slugs
  A leopard gecko (D:2)
  3 giant cockroaches
  6 goblins
  7 hobgoblins
  7 jackals
  2 quokkas (D:2)
  2 ball pythons (D:2)
  2 bats
  2 frilled lizards
  6 kobolds
  5 rats
58 creatures vanquished.

Notes
Turn   | Place    | Note
-------+----------+-------------------------------------------
     0 | D:1      | mastercheaf21 the Tengu Assassin began the quest for the Orb.
     0 | D:1      | Reached XP level 1. HP: 12/12 MP: 2/2
    75 | D:1      | Reached XP level 2. HP: 12/17 MP: 3/3
   703 | D:1      | Reached XP level 3. HP: 21/21 MP: 4/4
   768 | D:1      | Reached skill level 5 in Stealth
  1587 | D:2      | Found a faded altar of an unknown god.
  1601 | D:2      | Reached XP level 4. HP: 24/26 MP: 5/5
  2173 | D:2      | Reached skill level 6 in Stealth
  2431 | D:2      | Gained mutation: You can fly. [Tengu growth]
  2431 | D:2      | Reached XP level 5. HP: 26/30 MP: 6/6
  2583 | D:3      | Noticed Terence
  2586 | D:3      | Killed Terence
  2702 | D:3      | Found a shimmering altar of Xom.
  2714 | D:3      | HP: 1/30 [poisoned by a gnoll]
  2715 | D:3      | Succumbed to a gnoll's poison

Skill      XL: |  1  2  3  4  5 |
---------------+----------------+-----
Stealth        | 5 6 |  6.0
Dodging        | 2 3 |  3.3
Fighting       | |  2.0
Short Blades   | |  2.3
Throwing       | |  2.0

Action                   |  1- 3 |  4- 6 || total
-------------------------+-------+-------++-------
Melee: Dagger            |    19 |    11 ||    30
       Kick              |    19 |    23 ||    42
       Short sword       |    49 |    67 ||   116
       Peck              |     7 |    12 ||    19
  Use: Scroll            |       |     1 ||     1
 Stab: Sleeping          |     7 |     4 ||    11
  Eat: Chunk             |     2 |     4 ||     6
Armor: Robe              |    10 |    13 ||    23
Dodge: Dodged            |    33 |    46 ||    79
